 Dungeon Crawl Stone Soup version 0.21.1-1-g345015f (webtiles) character file.

63 Tolbby the Charmwright (level 3, -1/30 HPs)
             Began as a Draconian Skald on June 7, 2018.
             Slain by Sigmund
             ... wielding a +0 scythe
              (8 damage)
             ... on level 2 of the Dungeon.
             The game lasted 00:14:55 (1115 turns).

Tolbby the Charmwright (Draconian Skald)            Turns: 1115, Time: 00:14:56

Health: -1/30      AC:  5    Str: 13    XL:     3   Next: 89%
Magic:  0/6        EV: 11    Int: 14    God:
Gold:   89         SH:  3    Dex: 10    Spells: 2/7 levels left

rFire    . . .     SeeInvis .   a - +0 hand axe
rCold    . . .     Gourm    .   j - +0 buckler
rNeg     . . .     Faith    .   (armour unavailable)
rPois    .         Spirit   .   (helmet restricted)
rElec    .         Reflect  .   (no cloak)
rCorr    .         Harm     .   (no gloves)
MR       .....                  (no boots)
Stlth    +.........             (no amulet)
HPRegen  0.10/turn              (no ring)
MPRegen  0.10/turn              (no ring)

@: infused
A: unfitting armour, cold-blooded, AC +5
a: no special abilities


You were on level 2 of the Dungeon.
You were not hungry.

You visited 1 branch of the dungeon, and saw 2 of its levels.

You collected 89 gold pieces.

Inventory:

Hand Weapons
 a - a +0 hand axe (weapon)
Armour
 d - a +0 shield
 j - a +0 buckler (worn)
Scrolls
 e - 2 scrolls of remove curse {unknown}
 g - a scroll of fear {unknown}
 l - a scroll of identify {unknown}
 m - 2 scrolls of teleportation {unknown}
 n - 2 scrolls of fog {unknown}
Potions
 f - a potion of degeneration {unknown}
 h - a potion of heal wounds {unknown}
 i - a potion of curing {unknown}
 k - a potion of flight {unknown}
 o - a potion of mutation {unknown}
Books
 b - a book of Battle

   Spells                             Type                      Level
   a - Infusion                       Charms                       1
   b - Shroud of Golubria             Charms/Translocation         2
   c - Song of Slaying                Charms                       2
   d - Spectral Weapon                Hexes/Charms                 3
   e - Regeneration                   Charms/Necromancy            3
Comestibles
 c - 5 rations
 p - 3 chunks of flesh


   Skills:
 * Level 2.5 Fighting
 + Level 2.4 Axes
 + Level 2.4 Dodging
 * Level 0.8 Stealth
 * Level 2.6 Spellcasting
 + Level 3.1 Charms


You had 2 spell levels left.
You knew the following spells:

 Your Spells              Type           Power        Failure   Level  Hunger
a - Infusion              Chrm           ##..         10%         1    #......
b - Shroud of Golubria    Chrm/Tloc      #.........   28%         2    ###....
c - Song of Slaying       Chrm           ##......     16%         2    ###....


Dungeon Overview and Level Annotations

Branches:
Dungeon (2/15)

Altars:
Okawaru
Wu Jian

Annotations:
D:2 Sigmund


Innate Abilities, Weirdness & Mutations

Your plain brown scales are hard. (AC +5)
You cannot fit into any form of body armour.
You are cold-blooded and may be slowed by cold attacks.


Message History

You closely miss Sigmund. You tail-slap Sigmund.
Sigmund is moderately wounded.
Sigmund hits you with a scythe!
Your shroud falls apart!
You hit Sigmund.
Your tail-slap misses Sigmund.
Sigmund is heavily wounded.
Sigmund misses you.
You hit Sigmund!
Sigmund is severely wounded.
Sigmund hits you with a scythe!
* * * LOW HITPOINT WARNING * * *
You closely miss Sigmund.
Your tail-slap misses Sigmund.
Sigmund is severely wounded.
Sigmund barely misses you.
You barely miss Sigmund.
Sigmund is severely wounded.
You hit Sigmund.
Sigmund is severely wounded.
Sigmund hits you with a scythe!
You die...

#..# #.......).....##.# ...#
#.............##.#
#..###.............##.########
#..................##........#
<#..#####...........[........####
.............................'...
##...............#####.......####
##.###.#####.#@# #.......####
..##. #.#@# #........... #.#
#.#.# #.........(. .. #.#
#.[....).... #.# ########....
........ #.############....
..#.#.# #.................
#.#.#.# #.................
######...#.# # #.............._..
#........#.#.# #.................


You could see Sigmund.

Vanquished Creatures
  Jessica (D:2)
  A dart slug (D:1)
  2 leopard geckos (D:1)
  A bat (D:2)
  3 giant cockroaches
  6 hobgoblins
  A frilled lizard (D:1)
  3 goblins
  7 kobolds
  6 rats
31 creatures vanquished.

Notes
Turn   | Place    | Note
-------+----------+-------------------------------------------
     0 | D:1      | Tolbby the Draconian Skald began the quest for the Orb.
     0 | D:1      | Reached XP level 1. HP: 17/17 MP: 3/3
   126 | D:1      | Reached skill level 3 in Charms
   126 | D:1      | Reached XP level 2. HP: 17/24 MP: 0/5
   247 | D:1      | Learned a level 2 spell: Shroud of Golubria
   812 | D:2      | Reached XP level 3. HP: 30/30 MP: 0/6
   855 | D:2      | Noticed Jessica
   869 | D:2      | Killed Jessica
   880 | D:2      | Found an ornate altar of the Wu Jian Council.
   881 | D:2      | Noticed Sigmund
   967 | D:2      | Learned a level 2 spell: Song of Slaying
   994 | D:2      | Found an iron altar of Okawaru.
  1115 | D:2      | Slain by Sigmund

Skill      XL: |  1 |
---------------+----+-----
Charms         | 3 |  3.1
Fighting       | |  2.5
Axes           | |  2.4
Dodging        | |  2.4
Stealth        | |  0.8
Spellcasting   | |  2.6

Action                   || total
-------------------------++-------
Melee: Hand axe          ||    94
       Tailslap          ||     7
 Cast: Infusion          ||    13
       Shroud of Golubri ||     3
  Eat: Chunk             ||     1
Armor: Skin              ||    13
Dodge: Dodged            ||    56
Block: Shield            ||     1
       Buckler           ||     2
